 Dungeon Crawl Stone Soup version 0.31-a0-133-gaae73658be (webtiles) character file.

Game seed: 13251745878196949844

5432 Essalna the Destroyer (level 10, -2/64 HPs)
             Began as a Tengu Fire Elementalist on June 2, 2023.
             Was a Priest of Vehumet.
             Slain by a cyclops (17 damage)
             ... on level 9 of the Dungeon.
             The game lasted 00:17:31 (9954 turns).

Essalna the Destroyer (Tengu Fire Elementalist)     Turns: 9954, Time: 00:17:32

Health: -2/64      AC:  7    Str:  8    XL:     10   Next: 67%
Magic:  15/23      EV: 16    Int: 19    God:    Vehumet [***...]
Gold:   624        SH:  4    Dex: 16    Spells: 6/13 levels left

rFire   + . .        x - +1 spear (flame)
rCold   + . .        J - +0 buckler
rNeg    . . .        y - +2 leather armour {rC+}
rPois   .            (helmet restricted)
rElec   .            B - +0 cloak
rCorr   .            (no gloves)
SInv    .            (boots unavailable)
Will    .....        (no amulet)
Stlth   ++           e - ring of magical power
HPRegen 0.30/turn    j - ring of protection from fire
MPRegen 0.18/turn

%: no passive effects
@: flying quickly and evasively, quick
A: beak, talons 3, nimble flight
a: Renounce Religion


You were on level 9 of the Dungeon.
You worshipped Vehumet.
Vehumet was most pleased with you.
You visited 2 branches of the dungeon, and saw 10 of its levels.
You also visited: Ossuary.

You collected 624 gold pieces.

Inventory:

Hand Weapons
 x - a +1 spear of flaming (weapon)
Armour
 a - a +0 robe
 y - a +2 leather armour of cold resistance (worn)
 B - a +0 cloak (worn)
 J - a +0 buckler (worn)
Magical Staves
 w - a staff of death
Jewellery
 e - a ring of magical power (left hand)
 j - a ring of protection from fire (right hand)
Wands
 l - a wand of mindburst (8)
 v - a wand of polymorph (6)
 A - a wand of digging (6)
 G - a wand of paralysis (9)
Scrolls
 c - 10 scrolls of identify
 g - a scroll of enchant armour
 h - a scroll of immolation
 i - 2 scrolls of noise
 k - 4 scrolls of teleportation
 p - 2 scrolls of poison {unknown}
 r - 3 scrolls of vulnerability {unknown}
 t - 3 scrolls of enchant weapon {unknown}
 C - a scroll of amnesia {unknown}
 E - a scroll of magic mapping {unknown}
 F - a scroll of acquirement {unknown}
 I - a scroll of fear {unknown}
Potions
 b - a potion of magic
 d - 3 potions of might
 f - a potion of berserk rage
 m - 2 potions of mutation {unknown}
 n - 2 potions of degeneration {unknown}
 o - 2 potions of lignification {unknown}
 q - 2 potions of invisibility {unknown}
 s - 6 potions of curing
 u - 2 potions of haste {unknown}
 z - 3 potions of ambrosia {unknown}
 D - 3 potions of heal wounds
 H - a potion of brilliance {unknown}


   Skills:
 + Level 7.6 Fighting
 + Level 6.1 Armour
 + Level 6.6 Dodging
 - Level 2.0 Stealth
 + Level 1.1 Shields
 - Level 2.0 Spellcasting
 + Level 10.0 Conjurations
 + Level 9.0 Fire Magic


You had 6 spell levels left.
You knew the following spells:

 Your Spells              Type           Power      Damage    Failure   Level
a - Foxfire               Conj/Fire      100%       2x1d9     1%          1
b - Scorch                Fire           72%        2d8       1%          2
c - Flame Wave            Conj/Fire      38%        2d10      2%          4

Your spell library contained the following spells:

 Spells                   Type           Power      Damage    Failure   Level
 Hailstorm                Conj/Ice       20%        3d6       4%          3
 Magic Dart               Conj           100%       1d8       1%          1
 Searing Ray              Conj           80%        2d7       1%          2
 Inner Flame              Hex/Fire       19%        N/A       4%          3
 Stone Arrow              Conj/Erth      40%        3d9       4%          3
 Volatile Blastmotes      Fire/Tloc      38%        2d13      4%          3
 Sandblast                Erth           2%         2d4       11%         1
 Fulminant Prism          Conj/Hex       10%        3d8       13%         4
 Frozen Ramparts          Ice            2%         1d1       28%         3
 Passwall                 Tmut/Erth      0%         N/A       50%         2
 Ice Form                 Ice/Tmut       1%         N/A       98%         4
 Summon Ice Beast         Ice/Summ       1%         N/A       98%         4


Dungeon Overview and Level Annotations

Branches:
Dungeon (9/15)             Temple (1/1) D:5         Ossuary (visited)
   Lair: D:8-11         Orc: D:9-12

Altars:
Ashenzari
Cheibriados
Dithmenos
Elyvilon
Fedhas
Gozag
Kikubaaqudgha
Makhleb
Nemelex Xobeh
Okawaru
Qazlal
Sif Muna
Trog
Vehumet
Wu Jian
Xom
Zin

Shops:
D:5 (   D:8 **

Annotations:
D:9 2 runed translucent doors, dazzle's ghost, novice DsFi


Innate Abilities, Weirdness & Mutations

You have a beak for a mouth.
You have claws for feet.
Your magical nature lets you fly swiftly and evasively.


Message History

Your Armour skill increases to level 6!
Your Shields skill increases to level 1!
Your Conjurations skill increases to level 10!
Your Fire Magic skill increases to level 9!
Casting: Scorch (safe; 1% risk of failure)
Confirm with . or Enter, or press ? or * to list all spells.
You can't see any susceptible monsters within range! (Use Z to cast anyway.)
Items here: )))))) [ ÷ †††.
There is a stone staircase leading up, spattered with blood here.
Magic restored.
Items here: )))))) [ ÷ ††.
You see here a +0 war axe.
A cyclops comes into view.
The cyclops shouts!
The cyclops throws a large rock.
The large rock hits you!!
Ouch! That really hurt!
The cyclops throws a large rock.
The large rock barely misses you. The cyclops completely misses you.
Casting: Scorch (safe; 1% risk of failure)
Confirm with . or Enter, or press ? or * to list all spells.
Flames lash the cyclops.
The cyclops is lightly wounded.
The cyclops's fire resistance burns away.
Casting: Scorch (safe; 1% risk of failure)
Confirm with . or Enter, or press ? or * to list all spells.
Flames lash the cyclops.
The cyclops is burned terribly!
The cyclops is moderately wounded.
The cyclops barely misses you.
Casting: Scorch (safe; 1% risk of failure)
Confirm with . or Enter, or press ? or * to list all spells.
Flames lash the cyclops.
The cyclops is burned terribly!
The cyclops is severely wounded.
The cyclops hits you!
* * * LOW HITPOINT WARNING * * *
Casting: Scorch (safe; 1% risk of failure)
Confirm with . or Enter, or press ? or * to list all spells.
Flames lash the cyclops.
The cyclops is burned terribly!
The cyclops is severely wounded.
The cyclops hits you!
You die...

###########
#.........#
#.........#
#.........#
###.........#
......C.....#
#.....@...##
#..####....##
..........##
#'#####....##
#..††)###
#..†..)<#
#..##.#.#
#..##.#.#
.'..##[#.#


You could see a cyclops (combustible).

Vanquished Creatures
  A two-headed ogre (D:9)
  A tengu conjurer (D:9)
  2 hornets (D:8)
  A wraith (D:9)
  A wyvern (D:9)
  A steam dragon (D:7)
  A water moccasin (D:9)
  2 orc warriors
  2 ice beasts
  2 sky beasts
  3 black bears
  A centaur (D:9)
  A phantom (D:6)
  3 kobold brigands (D:8)
  2 bullfrogs (D:8)
  5 scorpions
  4 wights
  12 killer bees
  4 jellies
  A quasit (D:3)
  2 hounds
  2 gnoll boudas
  Crazy Yiuf (D:5)
  4 orc priests
  A sleepcap (D:6)
  5 orc wizards
  5 iguanas
  8 mummies (Ossuary)
  17 gnolls
  21 adders
  5 shadow imps
  3 white imps (D:4)
  4 ufetubi
  A worm (D:3)
  3 dart slugs
  32 orcs
  2 bats (D:1)
  3 endoplasms
  A giant cockroach (D:4)
  A gnoll zombie (Ossuary)
  7 goblins
  8 hobgoblins
  2 quokkas
  5 ball pythons
  10 frilled lizards
  2 hobgoblin zombies (Ossuary)
  16 kobolds
  2 kobold zombies (Ossuary)
  3 orc zombies (Ossuary)
  2 rats
228 creatures vanquished.

Vanquished Creatures (others)
  1074 foxfires
1074 creatures vanquished.

Grand Total: 1302 creatures vanquished

Notes
Turn   | Place    | Note
-------+----------+-------------------------------------------
     0 | D:1      | Essalna the Tengu Fire Elementalist began the quest for the
                  | Orb.
     0 | D:1      | Reached XP level 1. HP: 10/10 MP: 4/4
   311 | D:1      | Reached XP level 2. HP: 11/16 MP: 6/6
   313 | D:1      | Reached skill level 2 in Conjurations
   368 | D:1      | Reached skill level 1 in Fighting
   407 | D:1      | Learned a level 2 spell: Scorch
   562 | D:1      | Reached XP level 3. HP: 20/20 MP: 7/7
  1172 | D:2      | Reached skill level 3 in Conjurations
  1172 | D:2      | Reached XP level 4. HP: 23/26 MP: 8/8
  1976 | D:2      | Gained mutation: Your magical nature lets you fly swiftly
                  | and evasively. [Tengu growth]
  1976 | D:2      | Reached XP level 5. HP: 31/31 MP: 9/9
  2217 | D:3      | Found a faded altar of an unknown god.
  2885 | D:3      | Reached skill level 4 in Conjurations
  3235 | D:4      | Reached XP level 6. HP: 37/37 MP: 10/10
  3304 | D:4      | Reached skill level 5 in Fire Magic
  3465 | D:4      | Learned a level 4 spell: Flame Wave
  3508 | D:4      | Reached skill level 5 in Conjurations
  3811 | D:4      | Reached XP level 7. HP: 37/42 MP: 11/11
  4354 | D:5      | Entered Level 5 of the Dungeon
  4500 | D:5      | Found Gohioj's Weapon Shoppe.
  4541 | D:5      | Reached skill level 6 in Conjurations
  4846 | D:5      | Found a staircase to the Ecumenical Temple.
  4864 | Temple   | Entered the Ecumenical Temple
  4957 | Temple   | Became a worshipper of Vehumet
  5146 | D:5      | Reached XP level 8. HP: 45/48 MP: 3/12
  5382 | D:5      | Reached skill level 5 in Fighting
  5848 | D:5      | Reached skill level 1 in Armour
  5951 | D:5      | Reached * piety under Vehumet
  5951 | D:5      | Offered knowledge of Freeze by Vehumet.
  6046 | D:5      | Reached skill level 7 in Conjurations
  6086 | D:5      | Found a runed translucent door.
  6087 | D:5      | Noticed Crazy Yiuf
  6134 | D:5      | Killed Crazy Yiuf
  6452 | D:6      | Found a sand-covered staircase.
  6460 | Ossuary  | Entered an ossuary
  7225 | D:6      | Reached XP level 9. HP: 34/55 MP: 13/13
  7232 | D:6      | Reached skill level 8 in Conjurations
  7357 | D:6      | Offered knowledge of Kiss of Death by Vehumet.
  7358 | D:6      | Reached ** piety under Vehumet
  8100 | D:7      | Reached skill level 5 in Dodging
  8514 | D:8      | Noticed a hornet
  8519 | D:8      | Paralysed by a hornet for 1 turns
  8523 | D:8      | Killed a hornet
  8718 | D:8      | Noticed a hornet
  8724 | D:8      | Killed a hornet
  8725 | D:8      | Reached skill level 9 in Conjurations
  8727 | D:8      | Reached XP level 10. HP: 41/61 MP: 11/14
  8753 | D:8      | Reached skill level 5 in Armour
  8765 | D:8      | Offered knowledge of Hailstorm by Vehumet.
  8938 | D:8      | Found Turitibukig's CLEARANCE SALE!.
  8940 | D:8      | Found Sudah's Assorted Antiques.
  9146 | D:8      | Reached *** piety under Vehumet
  9458 | D:9      | Noticed a two-headed ogre
  9721 | D:9      | Found a large runed translucent door.
  9721 | D:9      | Found a large runed translucent door.
  9723 | D:9      | Noticed dazzle's ghost (novice DsFi)
  9723 | D:9      | Found the +8 mithril axe "Arga" {speed, Will+}
  9875 | D:9      | Killed a two-headed ogre
  9876 | D:9      | Reached skill level 1 in Shields
  9876 | D:9      | Reached skill level 10 in Conjurations
  9945 | D:9      | Noticed a cyclops
  9954 | D:9      | Slain by a cyclops

Illustrated notes

Levels and vault maps discovered:
D:1:      minmay_arrival_cross, layout_rooms, minmay_lizard_king
D:2:      layout_basic
D:3:      layout_loops_cross, hellmonk_ecumenical_altar_crossroads
D:4:      layout_gridville, serial_demonic, serial_demonic_d, serial_demonic_a,
          serial_demonic_g, serial_demonic_b
D:5:      layout_gridville, minmay_temple_entry_fiery, serial_shops,
          nicolae_stop_n_shop_2, grunt_ministairs_6, serial_bayou_pond_b,
          minmay_crossroads, uniq_crazy_yiuf_cottage
D:6:      minmay_chambers_of_threes, layout_cave_pools,
          nicolae_ossuary_entry_monument
D:7:      layout_basic
D:8:      layout_loops_ring, serial_shops, nicolae_shop_stone,
          nicolae_shop_clearance
D:9:      minmay_the_grid_3x2 [minmay_the_grid_diamond_grid,
          minmay_the_grid_empty, minmay_the_grid_minigrid_large,
          minmay_the_grid_garden, minmay_the_grid_expand,
          minmay_the_grid_prize_big_room], layout_rooms, hiddenorc2_lemuel,
          ebering_ghost_disaster_area, hive_lemuel, uniq_erolcha
Temple:   minmay_temple_bridge_d

Skill      XL: |  1  2  3  4  5  6  7  8  9 10 |
---------------+-------------------------------+-----
Conjurations   | 2 3 4 5 6 7 9 10 | 10.0
Fighting       | 1 2 3 4 5 6 7 |  7.6
Fire Magic     | 4 5 6 7 8 9 |  9.0
Armour         | 3 4 6 |  6.1
Dodging        | 3 5 6 |  6.6
Shields        | 1 |  1.1
Stealth        | |  2.0
Spellcasting   | |  2.0

Action                     |  1- 3 |  4- 6 |  7- 9 | 10-12 || total
---------------------------+-------+-------+-------+-------++-------
  Melee: Unarmed           |     6 |    12 |     1 |       ||    19
         Peck              |     3 |     4 |     8 |       ||    15
         Kick              |     1 |     2 |    11 |       ||    14
         Spear             |       |       |    30 |     8 ||    38
   Cast: Foxfire           |    73 |   178 |   342 |    26 ||   619
         Scorch            |     2 |     5 |    28 |    23 ||    58
         Flame Wave        |       |       |     7 |    10 ||    17
    Use: Potion            |       |       |     2 |       ||     2
         Scroll            |       |       |     6 |       ||     6
 Armour: Robe              |     7 |    17 |     1 |       ||    25
         Leather armour    |       |       |    19 |     7 ||    26
  Dodge: Dodged            |    14 |    36 |    69 |    38 ||   157

Table legend: (Time is in decaauts)
 A = Elapsed time spent in this place.
 B = Non-inter-level travel time spent in this place.
 C = Inter-level travel time spent in this place.
 D = Time resting spent in this place.
 E = Time spent auto-exploring this place.
 F = Levels seen in this place.
 G = Mean time per level.
                   A        B        C        D        E       F      G
               +--------+--------+--------+--------+--------+-----+--------+
         Total |   9624 |   9363 |    261 |    238 |   7829 |  11 |  874.9 |
       Dungeon |   9168 |   8925 |    243 |    238 |   7504 |   9 | 1018.7 |
        Temple |    103 |     85 |     18 |      0 |     71 |   1 |  103.0 |
       Ossuary |    352 |    352 |      0 |      0 |    254 |   1 |  352.0 |
               +--------+--------+--------+--------+--------+-----+--------+

Top non-repeatable levels by time:
     D:5: 1790 daAuts
     D:4: 1205 daAuts
     D:2: 1166 daAuts
     D:8: 1106 daAuts
     D:3: 1048 daAuts
     D:6: 951 daAuts
     D:1: 928 daAuts
     D:7: 651 daAuts
 Ossuary: 352 daAuts
     D:9: 319 daAuts
  Temple: 103 daAuts
